 Dungeon Crawl Stone Soup version 0.26-a0-631-ged93497179 (webtiles) character file.

Game seed: 8620935843711965671

7 MrRokkomies the Sneak (level 1, 0/18 HPs)
             Began as a Demigod Delver on Sept 12, 2020.
             Succumbed to a worker ant's poison
             ... on level 5 of the Dungeon.
             The game lasted 00:01:37 (137 turns).

MrRokkomies the Sneak (Demigod Delver)               Turns: 137, Time: 00:01:37

Health: 0/18       AC:  3    Str: 15    XL:     1   Next: 73%
Magic:  3/3        EV: 12    Int: 11    God:
Gold:   11         SH:  0    Dex: 23    Spells: 0/0 levels left

rFire    . . .     SeeInvis .   a - +3 war axe of the Dozen Lies {vorpal, Int-3 Dex+6} (curse)
rCold    . . .     Faith    .   (no shield)
rNeg     . . .     Spirit   .   b - +0 leather armour
rPois    .         Reflect  .   (no helmet)
rElec    .         Harm     .   (no cloak)
rCorr    .         Rampage  .   (no gloves)
MR       .....                  (no boots)
Stlth    +++.......             (no amulet)
HPRegen  0.06/turn              (no ring)
MPRegen  0.08/turn              (no ring)

@: lethally poisoned (0 -> -2)
A: high mp 1
a: no special abilities


You were on level 5 of the Dungeon.
You visited 1 branch of the dungeon, and saw 1 of its levels.

You collected 11 gold pieces.

Inventory:

Hand Weapons
 a - the cursed +3 war axe of the Dozen Lies (weapon) {vorpal, Int-3 Dex+6}
   (You found it on level 5 of the Dungeon)

   It inflicts extra damage upon your enemies.
   It affects your intelligence (-3).
   It affects your dexterity (+6).
   It has a curse placed upon it.
 h - a +0 falchion
 j - a +0 hunting sling
Armour
 b - a +0 leather armour (worn)
Wands
 g - a wand of digging (3)
 i - a wand of flame (13)
Scrolls
 c - a scroll of fog
 d - a scroll of magic mapping
Potions
 f - a potion of haste


   Skills:
 * Level 2.9 Fighting
 - Level 1.7 Long Blades
 * Level 0.7 Axes
 + Level 1.9 Dodging
 - Level 4.5 Stealth


You couldn't memorise any spells.
You didn't know any spells.
Your spell library was empty.

Dungeon Overview and Level Annotations

Branches:
Dungeon (5/15)
 Temple: D:4-7


Innate Abilities, Weirdness & Mutations

You have an increased reservoir of magic. (+10% MP)


Message History

Unknown command.
Evoke which item? (* to show all) (? for menu, Esc to quit)
Okay, then.
As you read the scroll of fear, it crumbles to dust.
You assume a fearsome visage.
The worker ant looks frightened!
The orc looks frightened! x3
* * * LOW HITPOINT WARNING * * *
You feel sick.
* * * LOW HITPOINT WARNING * * *
You feel sick.
Found 17 arrows.
* * * LOW HITPOINT WARNING * * *
You feel sick.
An orc opens the door.
* * * LOW HITPOINT WARNING * * *
You feel sick.
* * * LOW HITPOINT WARNING * * *
You feel sick.
* * * LOW HITPOINT WARNING * * *
You feel sick.
You die...

.. ###.#.o...#o##..##.
...#...'........#..##.
...#...#........a.....
..........#....#.#.##
#...................
#........#...##.##..
#.(........# #. #..
####.......##.# .. #..
#.....@...###.# ###
#.. #.#######.# #.#
#.# #.# #.# #.# #.#
#.#######.# #.#
#.)..)..#.# #.#
#######.#.# #.#
##.....#.# #.#
#....#....
######..#####.#


There were no monsters in sight!

Vanquished Creatures
  A worm (D:5)
  2 orcs (D:5)
3 creatures vanquished.

Notes
Turn   | Place    | Note
-------+----------+-------------------------------------------
     0 | D:5      | MrRokkomies the Demigod Delver began the quest for the Orb.
     0 | D:5      | Reached XP level 1. HP: 18/18 MP: 3/3
     5 | D:5      | Got a masterwork war axe
     6 | D:5      | Identified the cursed +3 war axe of the Dozen Lies {vorpal,
                  | Int-3 Dex+6} (You found it on level 5 of the Dungeon)
    64 | D:5      | Noticed a sky beast
   114 | D:5      | Noticed a worker ant
   137 | D:5      | Succumbed to a worker ant's poison

Illustrated notes

Levels and vault maps discovered:
D:5:      layout_basic, lemuel_round_altar

Action                   || total
-------------------------++-------
Melee: War axe           ||     8
  Use: Scroll            ||     1
Armor: Leather armour    ||     2
Dodge: Dodged            ||     4

Table legend: (Time is in decaauts)
 A = Elapsed time spent in this place.
 B = Non-inter-level travel time spent in this place.
 C = Inter-level travel time spent in this place.
 D = Time resting spent in this place.
 E = Time spent auto-exploring this place.
 F = Levels seen in this place.
 G = Mean time per level.
                   A        B        C        D        E       F      G
               +--------+--------+--------+--------+--------+-----+--------+
         Total |    140 |    140 |      0 |      4 |     37 |   1 |  140.0 |
       Dungeon |    140 |    140 |      0 |      4 |     37 |   1 |  140.0 |
               +--------+--------+--------+--------+--------+-----+--------+

Top non-repeatable levels by time:
     D:5: 140 daAuts
